[Event "Titled Tuesday Blitz August 1 Early 2023"]
[White "Gyulamiryan-koryun"]
[Black "Klukin, Kirill"]
[BlackFideId "24199273"]
[WhiteElo "2094"]
[BlackElo "2683"]
[Result "0-1"]
[Round "7"]
[TimeControl "180+1"]
[Date "2023.08.01"]
[WhiteClock "0:00:02"]
[BlackClock "0:00:09"]
[Board "134"]

1. d4 Nf6 2. c4 Nc6 3. Nf3 e6 4. g3 Bb4+ 5. Bd2 Qe7 6. Bg2 Bxd2+ 7. Nbxd2 O-O 8. O-O d6 9. e4 e5 10. d5 Nb8 11. Ne1 a5 12. Qc2 Na6 13. a3 Bd7 14. Nd3 c6 15. f4 cxd5 16. cxd5 Rfc8 17. Qd1 exf4 18. gxf4 Bb5 19. Qf3 Nc5 20. Nxc5 Bxf1 21. Rxf1 Rxc5 22. Nb3 Rc2 23. Nd4 Rxb2 24. Nf5 Qf8 25. e5 Ne8 26. Qc3 Rb6 27. Kh1 g6 28. Ng3 Rd8 29. Qxa5 dxe5 30. Qxb6 Rd6 31. Qc5 exf4 32. Rxf4 Qe7 33. Qf2 Nc7 34. Re4 Qd7 35. Qe2 Nxd5 36. Re8+ Kg7 37. Qe5+ f6 38. Qe6 Qxe6 39. Rxe6 Rxe6 40. Bxd5 Re3 41. a4 Ra3 42. Bxb7 Rxa4 43. Bf3 Rb4 44. Kg2 f5 45. Ne2 Kf6 46. Kf2 g5 47. Bg2 Ke5 48. Ng3 Rb2+ 49. Kf1 g4 50. Nh5 f4 51. Bc6 Rb6 52. Bd7 Rh6 53. Bxg4 Rg6 54. Bf3 Rd6 55. Kg2 Kf5 56. h3 Kg5 57. Ng7 Rg6 58. Ne8 Kh4+ 59. Kh2 Rb6 60. Nc7 Rb2+ 61. Kg1 Kg3 62. Be2 Rb1+ 63. Bf1 f3 64. Nd5 f2+ 65. Kh1 Rxf1# 0-1


[Site "https://www.chess.com"]

[Event "Titled Tuesday Blitz August 1 Early 2023"]
[White "Kvaloy, Aksel Bu"]
[Black "Tymrakiewicz, Rafal"]
[WhiteFideId "1528815"]
[BlackFideId "1108832"]
[WhiteElo "2622"]
[BlackElo "2395"]
[Result "1-0"]
[Round "7"]
[TimeControl "180+1"]
[Date "2023.08.01"]
[WhiteClock "0:00:05"]
[BlackClock "0:00:00"]
[Board "135"]

1. b3 Nf6 2. Bb2 g6 3. e3 Bg7 4. f4 b6 5. Nf3 Bb7 6. Be2 O-O 7. O-O d6 8. Qe1 Nbd7 9. d3 e5 10. fxe5 Ng4 11. Bd1 dxe5 12. Nbd2 f5 13. h3 Nh6 14. e4 f4 15. Nc4 Nf7 16. a4 Re8 17. Be2 a5 18. Rd1 c5 19. g3 g5 20. Nh2 Nf8 21. Bh5 Qc7 22. Ng4 Ng6 23. Kh2 Re7 24. Rd2 Rf8 25. Rg2 Bc8 26. Qe2 Kh8 27. Bxg6 hxg6 28. Kg1 Rfe8 29. Kf2 Nh6 30. Nxh6 Bxh6 31. g4 Bg7 32. Ke1 Be6 33. Kd1 Rd8 34. Kc1 Kg8 35. Kb1 Bd7 36. Rd1 b5 37. axb5 Bxb5 38. Kc1 a4 39. bxa4 Bxc4 40. dxc4 Rd4 41. Bxd4 exd4 42. Qf3 Qb7 43. Re2 d3 44. Rxd3 Qb2+ 45. Kd1 Bd4 46. Ke1 Qa1+ 47. Rd1 Qxa4 48. Kf1 Qxc2 49. Rxc2 Re6 50. Rxd4 cxd4 51. Qd3 Re5 52. Qxd4 Rf5 53. exf5 f3 54. Qd7 1-0


[Site "https://www.chess.com"]

[Event "Titled Tuesday Blitz August 1 Early 2023"]
[White "Degenbaev, Aziz"]
[Black "Amanov, Zhanibek"]
[WhiteFideId "13802640"]
[BlackFideId "13700189"]
[WhiteElo "2559"]
[BlackElo "2383"]
[Result "1-0"]
[Round "7"]
[TimeControl "180+1"]
[Date "2023.08.01"]
[WhiteClock "0:00:30"]
[BlackClock "0:00:00"]
[Board "136"]

1. d4 d5 2. Nf3 Nf6 3. c4 c6 4. Nc3 dxc4 5. a4 Bf5 6. e3 e6 7. Bxc4 Be7 8. O-O Nbd7 9. Qe2 Ne4 10. Nd2 Ndf6 11. Ndxe4 Nxe4 12. Bd3 Nxc3 13. bxc3 O-O 14. e4 Bg6 15. Rb1 Rb8 16. Rd1 Qa5 17. Qc2 Rfd8 18. Bf4 Bd6 19. e5 Be7 20. Bd2 Bxd3 21. Qxd3 c5 22. Be3 Qxa4 23. Ra1 Qc6 24. Rxa7 c4 25. Qb1 Bf8 26. h3 b5 27. Qa2 b4 28. cxb4 Rxb4 29. Rc1 c3 30. Ra6 Qc4 31. Qxc4 Rxc4 32. Kf1 Rb8 33. Ke2 c2 34. Kd3 Rbc8 35. Ra2 Rc3+ 36. Kd2 Bb4 37. Raa1 Rb3+ 38. Ke2 Ba3 39. Rf1 Bb2 40. Ra2 Ba3 41. Bc1 Rb1 42. Kd2 Bxc1+ 43. Rxc1 1-0


[Site "https://www.chess.com"]

[Event "Titled Tuesday Blitz August 1 Early 2023"]
[White "Rodriguez Santiago, Jaime"]
[Black "Chor, Kevin"]
[WhiteFideId "3100898"]
[BlackFideId "2090740"]
[WhiteElo "2366"]
[BlackElo "2534"]
[Result "1-0"]
[Round "7"]
[TimeControl "180+1"]
[Date "2023.08.01"]
[WhiteClock "0:00:25"]
[BlackClock "0:00:04"]
[Board "137"]

1. c4 c5 2. Nc3 Nf6 3. g3 g6 4. Bg2 Bg7 5. e4 Nc6 6. Nge2 a6 7. a4 O-O 8. O-O Ne8 9. Rb1 Nc7 10. d3 Rb8 11. Nd5 Ne6 12. b4 d6 13. b5 axb5 14. axb5 Ncd4 15. Nxd4 Nxd4 16. Be3 e6 17. Nc3 Qa5 18. Ne2 Nxe2+ 19. Qxe2 Bd7 20. Bf4 Qb6 21. Qd2 Ra8 22. Bh6 Bxh6 23. Qxh6 Ra3 24. Rbd1 Qd8 25. f4 Qf6 26. Rf3 Qd4+ 27. Kh1 Rfa8 28. h4 Ra2 29. f5 exf5 30. exf5 Bxf5 31. Rdf1 Ra1 32. Qg5 Bxd3 33. Rxa1 Rxa1+ 34. Kh2 Bf5 35. Rxf5 Ra2 36. Rf4 Qb2 37. Qd5 Qg7 38. Qxb7 1-0


[Site "https://www.chess.com"]

[Event "Titled Tuesday Blitz August 1 Early 2023"]
[White "Slavin, Alexey"]
[Black "Womacka, Mathias"]
[WhiteFideId "24104388"]
[BlackFideId "4611390"]
[WhiteElo "2365"]
[BlackElo "2528"]
[Result "0-1"]
[Round "7"]
[TimeControl "180+1"]
[Date "2023.08.01"]
[WhiteClock "0:00:27"]
[BlackClock "0:00:57"]
[Board "138"]

1. e4 c5 2. g3 Nc6 3. Bg2 g6 4. Ne2 Bg7 5. O-O e5 6. Nbc3 Nge7 7. a3 O-O 8. Rb1 d6 9. b4 b6 10. d3 Be6 11. h3 Qd7 12. Kh2 Nd4 13. Nxd4 cxd4 14. Ne2 d5 15. Rb2 dxe4 16. dxe4 Rac8 17. Bd2 Rc7 18. Nc1 Nc8 19. Nd3 Nd6 20. Rb1 Rfc8 21. Rc1 Nc4 22. f4 exf4 23. gxf4 Nxa3 24. f5 gxf5 25. Qh5 fxe4 26. Bxe4 f5 27. Bxf5 Bxf5 28. Rxf5 Rxc2 29. Rxc2 Rxc2 30. Rf2 Nc4 31. Bh6 Rxf2+ 32. Nxf2 Qd6+ 33. Kg2 Bxh6 34. Qe8+ Bf8 35. Ng4 Ne3+ 0-1


[Site "https://www.chess.com"]

[Event "Titled Tuesday Blitz August 1 Early 2023"]
[White "Jegorovas, Aleksandras"]
[Black "Al-Tarboush, Ward"]
[WhiteFideId "12801950"]
[BlackFideId "7601450"]
[WhiteElo "2357"]
[BlackElo "2526"]
[Result "0-1"]
[Round "7"]
[TimeControl "180+1"]
[Date "2023.08.01"]
[WhiteClock "0:00:54"]
[BlackClock "0:00:05"]
[Board "139"]

1. d4 d5 2. Bf4 Nf6 3. e3 c5 4. Nf3 Nc6 5. Nbd2 Bf5 6. dxc5 e6 7. Nd4 Bg4 8. f3 Bh5 9. Bb5 Rc8 10. Bxc6+ bxc6 11. b4 Be7 12. O-O O-O 13. Qe2 Nd7 14. Bg3 e5 15. Nf5 Bg6 16. Nxe7+ Qxe7 17. e4 f5 18. Rae1 dxe4 19. fxe4 f4 20. Bf2 Nf6 21. Bh4 Bf7 22. Nc4 h6 23. Bxf6 Qxf6 24. Nd6 Rb8 25. a3 Be6 26. Qa6 g5 27. Qxc6 g4 28. Nf5 h5 29. Rd1 Rbc8 30. Qa6 Rfd8 31. Rd6 Rxd6 32. Qxd6 Kf7 33. c6 Bxf5 34. Qxf6+ Kxf6 35. exf5 Rxc6 36. Rc1 Rc3 37. Kf2 e4 38. a4 h4 39. b5 g3+ 40. hxg3 hxg3+ 41. Ke2 f3+ 42. Kf1 f2 43. Ke2 Kxf5 44. a5 Rc5 45. b6 Rxa5 46. bxa7 Rxa7 47. c4 Ra2+ 48. Ke3 Rc2 49. Rf1 Rxc4 50. Ke2 Rc2+ 51. Ke3 Rc3+ 52. Ke2 Kf4 53. Ra1 Rc2+ 54. Kf1 Rc4 55. Rb1 Rc8 56. Ra1 Rh8 57. Ke2 Rh2 58. Ra8 Rxg2 59. Rf8+ Ke5 60. Re8+ Kf5 61. Rf8+ Ke5 62. Re8+ Kd6 63. Rxe4 Rg1 64. Rf4 Re1+ 0-1


[Site "https://www.chess.com"]

[Event "Titled Tuesday Blitz August 1 Early 2023"]
[White "Eynullayev, Atilla"]
[Black "Romero Arzuaga, Yudel"]
[WhiteFideId "13413570"]
[BlackFideId "3521010"]
[WhiteElo "2503"]
[BlackElo "2353"]
[Result "0-1"]
[Round "7"]
[TimeControl "180+1"]
[Date "2023.08.01"]
[WhiteClock "0:00:11"]
[BlackClock "0:00:32"]
[Board "140"]

1. d4 d5 2. c4 e6 3. Nc3 h6 4. cxd5 exd5 5. Bf4 c6 6. e3 Bf5 7. Qb3 Qb6 8. Nge2 Nd7 9. f3 Ngf6 10. g4 Bg6 11. h4 Be7 12. Ng3 Qxb3 13. axb3 Bc2 14. Rh2 Bxb3 15. Nf5 g6 16. Nd6+ Bxd6 17. Bxd6 a5 18. Rg2 a4 19. e4 Nb6 20. e5 Nfd7 21. f4 O-O-O 22. f5 Rde8 23. Re2 g5 24. h5 Nc4 25. Nxa4 Nxd6 26. exd6 Bxa4 27. Rxa4 Nf6 28. Bh3 Kd7 29. Ra7 Rxe2+ 30. Kxe2 Rb8 31. Kf3 Kxd6 32. b4 Nd7 33. Bf1 Nb6 34. Bd3 f6 35. Be2 Kc7 36. Bd3 Ra8 37. Rxa8 Nxa8 38. Ke3 Nb6 39. Kf3 Kd6 40. Ke3 Nd7 41. Kf3 Nb8 42. Ke3 Kc7 43. Kd2 Kb6 44. Kc3 Na6 45. Kb3 Nc7 46. Kc3 Ne8 47. Kd2 Nd6 48. Ke3 Ne8 49. Kd2 Nc7 50. Be2 Na6 51. Kc3 Nb8 52. Kd2 Kc7 53. Kc3 b6 54. Kd2 Kd6 55. Kc3 Nd7 56. Ba6 c5 57. Bb5 cxd4+ 58. Kxd4 Ne5 59. Be2 Nc6+ 60. Kc3 Ke5 61. b5 Nd4 62. Bd1 Ke4 63. Kb4 Nf3 64. Be2 d4 65. Kc4 Ne5+ 66. Kb3 d3 67. Bd1 Ke3 68. Kc3 Nf3 69. Bxf3 Kxf3 70. Kxd3 Kxg4 71. Kd4 Kxf5 72. Kd5 g4 73. Kc6 g3 74. Kxb6 g2 75. Kc7 g1=Q 76. b6 Qxb6+ 77. Kxb6 Kg4 78. Kc5 f5 79. Kd5 f4 80. Ke5 f3 81. Kf6 Kxh5 82. Kg7 f2 0-1


[Site "https://www.chess.com"]

[Event "Titled Tuesday Blitz August 1 Early 2023"]
[White "Fontaine, Quentin"]
[Black "Vemparala, Nikash"]
[WhiteFideId "230804"]
[BlackFideId "30960967"]
[WhiteElo "2459"]
[BlackElo "2349"]
[Result "1-0"]
[Round "7"]
[TimeControl "180+1"]
[Date "2023.08.01"]
[WhiteClock "0:01:29"]
[BlackClock "0:00:23"]
[Board "141"]

1. Nf3 d5 2. g3 c5 3. Bg2 Nc6 4. d4 e6 5. O-O Nf6 6. c4 dxc4 7. Qa4 cxd4 8. Nxd4 Qxd4 9. Bxc6+ Bd7 10. Bxd7+ Qxd7 11. Qxc4 Be7 12. Nc3 Rc8 13. Qb3 O-O 14. Rd1 Qc6 15. Bf4 Rfd8 16. Bg5 h6 17. Be3 a6 18. Rxd8+ Rxd8 19. Rd1 Rxd1+ 20. Qxd1 Qd6 21. Qxd6 Bxd6 22. Bd4 e5 23. Bb6 Nd7 24. Be3 Bc5 25. Bd2 Nb6 26. b3 Kf8 27. Kf1 f5 28. e4 g6 29. Bxh6+ Kf7 30. exf5 gxf5 31. Be3 Bxe3 32. fxe3 Nd7 33. e4 Ke6 34. Ke2 Nf6 35. Kf3 b6 36. h3 b5 37. exf5+ Kxf5 38. g4+ Kg6 39. Ne4 Nd5 40. Nc5 a5 41. h4 Nc3 42. a4 bxa4 43. bxa4 Kh6 44. Ke3 Kg6 45. Kd3 Nd5 46. Nd7 e4+ 47. Kd4 e3 48. Kxd5 e2 49. Ne5+ 1-0


[Site "https://www.chess.com"]

[Event "Titled Tuesday Blitz August 1 Early 2023"]
[White "Vifleemskaia, Svetlana"]
[Black "Carrasco Miranda, Andres"]
[WhiteFideId "4129490"]
[BlackFideId "3405990"]
[WhiteElo "2334"]
[BlackElo "2457"]
[Result "1-0"]
[Round "7"]
[TimeControl "180+1"]
[Date "2023.08.01"]
[WhiteClock "0:01:36"]
[BlackClock "0:01:18"]
[Board "142"]

1. d4 Nf6 2. c4 g6 3. Nc3 d5 4. cxd5 Nxd5 5. Bd2 Bg7 6. e4 Nxc3 7. Bxc3 c5 8. d5 Bxc3+ 9. bxc3 e6 10. Bc4 O-O 11. Ne2 exd5 12. Bxd5 Qc7 13. O-O Nc6 14. f4 Be6 15. f5 Bxd5 16. exd5 Ne5 17. Qd2 Ng4 18. Rf4 h5 19. h3 Nf6 20. d6 Rad8 21. dxc7 Rxd2 22. fxg6 fxg6 23. Rxf6 Rc8 24. Nf4 Rxc7 25. Rxg6+ Kh7 26. Rg5 Rc2 27. Rxh5+ Kg7 28. Ne6+ Kg6 29. Rxc5 Rxc5 30. Nxc5 Rxc3 31. Nxb7 1-0


[Site "https://www.chess.com"]

[Event "Titled Tuesday Blitz August 1 Early 2023"]
[White "Pavlidou, Ekaterini"]
[Black "favesaul"]
[WhiteFideId "4213262"]
[WhiteElo "2327"]
[BlackElo "2456"]
[Result "1-0"]
[Round "7"]
[TimeControl "180+1"]
[Date "2023.08.01"]
[WhiteClock "0:00:18"]
[BlackClock "0:00:00"]
[Board "143"]

1. d4 Nf6 2. c4 e6 3. Nc3 Bb4 4. e3 O-O 5. Bd2 d5 6. Nf3 b6 7. cxd5 exd5 8. Rc1 Re8 9. Bd3 Bb7 10. Ne5 a6 11. O-O Bd6 12. f4 c5 13. Be1 c4 14. Bb1 b5 15. Bh4 b4 16. Ne2 Be7 17. Bxf6 Bxf6 18. Ng3 g6 19. Nh5 Bh8 20. Qg4 Qd6 21. f5 Bc8 22. Nxf7 Kxf7 23. fxg6+ Ke7 24. Rf7+ Kd8 25. Qg5+ Re7 26. g7 Bxg7 27. Nxg7 Nc6 28. Rcf1 Ra7 29. e4 Nxd4 30. e5 Qc5 31. Kh1 Bd7 32. Rf8+ Kc7 33. e6 Nxe6 34. Qe5+ Qd6 35. Qxd6+ Kxd6 36. Nf5+ Kc7 37. Nxe7 d4 38. R8f2 Kd6 39. Nf5+ Kc5 40. Ng3 c3 41. Ne4+ Kd5 42. bxc3 bxc3 43. Bd3 Bb5 44. Nf6+ Kd6 45. Ne4+ 1-0


[Site "https://www.chess.com"]

[Event "Titled Tuesday Blitz August 1 Early 2023"]
[White "Antonio, Jorge Carlos"]
[Black "Bochnicka, Vladimir"]
[WhiteFideId "113190"]
[BlackFideId "14943450"]
[WhiteElo "2321"]
[BlackElo "2451"]
[Result "0-1"]
[Round "7"]
[TimeControl "180+1"]
[Date "2023.08.01"]
[WhiteClock "0:00:25"]
[BlackClock "0:02:20"]
[Board "144"]

1. d4 Nf6 2. Nf3 g6 3. c4 Bg7 4. Nc3 O-O 5. e4 d6 6. Be2 e5 7. O-O Nc6 8. d5 Ne7 9. Ne1 Ne8 10. Be3 f6 11. f3 f5 12. Rc1 f4 13. Bf2 g5 14. c5 h5 15. cxd6 cxd6 16. Qc2 Rf7 17. Nb5 Ng6 18. Nxa7 Bd7 19. Nb5 g4 20. Qb3 g3 21. hxg3 fxg3 22. Bxg3 Qg5 23. Bf2 Qxc1 24. Nd3 Qg5 25. Rc1 h4 26. Nc7 Nxc7 27. Rxc7 Bh3 28. g4 Rxc7 29. Qb6 Rac8 30. Qxd6 Nf4 31. Nxf4 Qxf4 32. Qe6+ Kh8 33. Bxh4 Rc1+ 34. Kf2 Rf1+ 35. Bxf1 Rc2+ 36. Kg1 Qh2# 0-1


[Site "https://www.chess.com"]

[Event "Titled Tuesday Blitz August 1 Early 2023"]
[White "SicilianPanzer"]
[Black "Necromon"]
[WhiteElo "2321"]
[BlackElo "2445"]
[Result "1-0"]
[Round "7"]
[TimeControl "180+1"]
[Date "2023.08.01"]
[WhiteClock "0:00:36"]
[BlackClock "0:01:06"]
[Board "145"]

1. e4 c5 2. Nf3 Nc6 3. Bb5 g6 4. Bxc6 dxc6 5. d3 Nf6 6. h3 Bg7 7. a4 O-O 8. a5 Rb8 9. Be3 b6 10. axb6 axb6 11. O-O Qc7 12. Nc3 Bb7 13. Qc1 e5 14. Bh6 Ra8 15. Rxa8 Rxa8 16. Bxg7 Kxg7 17. Qg5 Nd7 18. Nh4 f6 19. Qg4 Nf8 20. f4 exf4 21. Rxf4 Ra1+ 22. Rf1 Rxf1+ 23. Kxf1 Qe5 24. Nf3 Qe7 25. h4 b5 26. h5 b4 27. Na4 c4 28. d4 Ne6 29. hxg6 hxg6 30. Nh4 Nf8 31. Nf5+ 1-0


[Site "https://www.chess.com"]

[Event "Titled Tuesday Blitz August 1 Early 2023"]
[White "Miguelitro69"]
[Black "GAO"]
[WhiteElo "2318"]
[BlackElo "2439"]
[Result "1-0"]
[Round "7"]
[TimeControl "180+1"]
[Date "2023.08.01"]
[WhiteClock "0:00:19"]
[BlackClock "0:01:29"]
[Board "146"]

1. e4 e6 2. Qe2 c5 3. Nf3 Nc6 4. g3 Bd6 5. Bg2 Bc7 6. O-O d6 7. c3 Nf6 8. d4 cxd4 9. cxd4 d5 10. e5 Ne4 11. Nc3 Nxc3 12. bxc3 a5 13. a4 b6 14. Rd1 O-O 15. h4 h6 16. Nh2 Ne7 17. Qg4 Ba6 18. Bxh6 Nf5 19. Bg5 Qd7 20. h5 Bd8 21. Bf6 Bxf6 22. exf6 Qd8 23. fxg7 Re8 24. Rab1 Rb8 25. Nf3 Be2 26. Rd2 Bxf3 27. Bxf3 Qf6 28. Rdb2 Nh6 29. Qf4 Qxf4 30. gxf4 Rbc8 31. Rb3 Kxg7 32. Be2 Nf5 33. Rc1 Rb8 34. Rcb1 Rec8 35. Kf1 Rc6 36. Ke1 Rbc8 37. Kd2 Nd6 38. Rxb6 Ne4+ 39. Ke1 Rxc3 40. f5 exf5 41. Bd1 Rc1 42. f3 Rxb1 43. Rxb1 Nc3 44. Rb6 Rc4 45. h6+ Kh7 46. Bc2 Ne4 47. fxe4 Rxc2 48. exd5 Rc4 49. Rb5 Rxd4 50. Rxa5 Kxh6 51. Kf2 Kg5 52. Ke3 Re4+ 53. Kf3 Rd4 54. Ke3 Rd1 55. Ke2 f4 56. Kxd1 f3 57. Ke1 Kf4 58. Kf2 f5 59. d6 Kg5 60. d7 1-0


[Site "https://www.chess.com"]

[Event "Titled Tuesday Blitz August 1 Early 2023"]
[White "Kayis, Gulcan Sena"]
[Black "Ferro, Mario"]
[WhiteFideId "34553045"]
[BlackFideId "810290"]
[WhiteElo "2438"]
[BlackElo "2313"]
[Result "1-0"]
[Round "7"]
[TimeControl "180+1"]
[Date "2023.08.01"]
[WhiteClock "0:01:20"]
[BlackClock "0:00:05"]
[Board "147"]

1. e4 c5 2. c3 d6 3. d4 Nf6 4. Bd3 e5 5. dxc5 dxc5 6. Nf3 Qc7 7. O-O a6 8. a4 c4 9. Bc2 Bc5 10. Nbd2 Bb6 11. Qe2 Ng4 12. Qxc4 Bxf2+ 13. Rxf2 Qb6 14. Qxc8+ Ke7 15. Qxh8 Qxf2+ 16. Kh1 Ne3 17. Qxg7 Nc6 18. Qg3 Qe2 19. Bb3 Rd8 20. Nc4 Rd1+ 21. Bxd1 Qf1+ 22. Ng1 Nxd1 23. Be3 1-0


[Site "https://www.chess.com"]

[Event "Titled Tuesday Blitz August 1 Early 2023"]
[White "Rozhkov, Viacheslav"]
[Black "Schut, Han"]
[WhiteFideId "4181484"]
[BlackFideId "1005561"]
[WhiteElo "2435"]
[BlackElo "2278"]
[Result "1-0"]
[Round "7"]
[TimeControl "180+1"]
[Date "2023.08.01"]
[WhiteClock "0:00:22"]
[BlackClock "0:00:08"]
[Board "148"]

1. e4 c5 2. Nf3 d6 3. d4 cxd4 4. Nxd4 Nf6 5. Nc3 a6 6. f4 e5 7. Nf3 Qc7 8. a4 Be7 9. Bd3 Be6 10. O-O Nbd7 11. Qe2 Rc8 12. Kh1 Bg4 13. h3 h5 14. Qf2 Be6 15. fxe5 dxe5 16. Bg5 Ng4 17. Qh4 f6 18. Bd2 g5 19. Nxg5 fxg5 20. Bxg5 Nc5 21. Bxe7 Qxe7 22. Qxe7+ Kxe7 23. hxg4 hxg4+ 24. Kg1 g3 25. Rf3 Rcg8 26. b4 Nd7 27. Ne2 Nf6 28. Rxg3 Nh5 29. Rxg8 Rxg8 30. Rf1 Bh3 31. Rf2 Bg4 32. Nc3 Nf4 33. Nd5+ Nxd5 34. exd5 Kd6 35. c4 b5 36. axb5 axb5 37. c5+ Kxd5 38. Bxb5 e4 39. Rc2 Ke5 40. c6 e3 41. c7 Kd4 42. Rc4+ Ke5 43. Rxg4 Rxg4 44. c8=Q Rxb4 45. Qc5+ Kf4 46. Qxb4+ Kg3 47. Bd7 e2 48. Qg4# 1-0


[Site "https://www.chess.com"]

[Event "Titled Tuesday Blitz August 1 Early 2023"]
[White "Daniel_Salinas"]
[Black "Ventura Bolet, Maxim"]
[BlackFideId "22238824"]
[WhiteElo "2261"]
[BlackElo "2425"]
[Result "1-0"]
[Round "7"]
[TimeControl "180+1"]
[Date "2023.08.01"]
[WhiteClock "0:00:10"]
[BlackClock "0:00:01"]
[Board "149"]

1. d4 d5 2. c4 dxc4 3. Nf3 Nf6 4. e3 e6 5. Bxc4 a6 6. O-O b5 7. Be2 Bb7 8. a4 b4 9. Nbd2 Nbd7 10. b3 c5 11. Bb2 Be7 12. Nc4 O-O 13. a5 Qc7 14. Rc1 Rad8 15. Qc2 Qb8 16. Nfe5 Qa8 17. Bf3 cxd4 18. Bxb7 Qxb7 19. Bxd4 Nd5 20. Nxd7 Qxd7 21. Qe2 Qb5 22. Rfd1 Nc3 23. Bxc3 bxc3 24. Rxc3 Rxd1+ 25. Qxd1 Bb4 26. Rd3 Bxa5 27. g3 h6 28. Rd7 Bb4 29. Qd3 Bc5 30. Rc7 Bb4 31. Qe4 a5 32. Rb7 Qc5 33. Ne5 Qc1+ 34. Kg2 Qd1 35. Qf3 Qxf3+ 36. Kxf3 f6 37. Nc6 Bc3 38. Ra7 e5 39. Nxa5 Rb8 40. Rb7 Ra8 41. Nc4 Ra2 42. b4 Be1 43. b5 Rxf2+ 44. Ke4 Rxh2 45. b6 Rc2 46. Kd3 Rc3+ 47. Ke2 Rxc4 48. Kxe1 Rb4 49. Ke2 Kh7 50. Kf3 Kg6 51. g4 Rb3 52. Ke4 Rb4+ 53. Kf3 Rb3 54. Ke4 Rb1 55. Kf3 Rf1+ 56. Ke4 Rg1 57. Kf3 Rf1+ 58. Kg2 Rb1 59. Kf3 h5 60. gxh5+ Kxh5 61. Rxg7 Rxb6 62. Ke4 Kh6 63. Rg1 Rb3 64. Rg3 Ra3 65. Kf5 Ra6 66. Rg6+ Kh7 67. Rxf6 Ra3 68. e4 Kg7 69. Re6 Kf7 70. Rxe5 Rf3+ 71. Kg4 Rf1 72. Rf5+ Rxf5 73. Kxf5 Ke7 74. Ke5 Kf7 75. Kd6 Ke8 76. Ke6 Kd8 77. Kf7 Kd7 78. e5 1-0


[Site "https://www.chess.com"]

[Event "Titled Tuesday Blitz August 1 Early 2023"]
[White "Bouget, Alexandre"]
[Black "Atanasov, Radislav"]
[WhiteFideId "681318"]
[BlackFideId "2901471"]
[WhiteElo "2415"]
[BlackElo "2260"]
[Result "0-1"]
[Round "7"]
[TimeControl "180+1"]
[Date "2023.08.01"]
[WhiteClock "0:00:01"]
[BlackClock "0:00:16"]
[Board "150"]

1. d4 Nf6 2. c4 c5 3. d5 e6 4. Nc3 exd5 5. cxd5 d6 6. e4 g6 7. f4 Bg7 8. e5 Nfd7 9. Nb5 dxe5 10. Nd6+ Ke7 11. Nxc8+ Qxc8 12. Nf3 Re8 13. f5 Kf8 14. Be2 e4 15. Ng5 gxf5 16. O-O Kg8 17. Bh5 Ne5 18. g4 Nbd7 19. gxf5 Nf6 20. Kh1 Qd7 21. d6 Qc6 22. Be3 Rad8 23. Rg1 Rxd6 24. Qe2 Rd3 25. Rae1 Rxe3 26. Qxe3 Nxh5 27. Qh3 e3+ 28. Rg2 Nd3 29. Qxh5 Nxe1 30. Qxf7+ Kh8 31. Nf3 Nxg2 0-1


[Site "https://www.chess.com"]

[Event "Titled Tuesday Blitz August 1 Early 2023"]
[White "Putri, Regita Desyari"]
[Black "Swicarz, Maciej"]
[WhiteFideId "7109083"]
[BlackFideId "1113585"]
[WhiteElo "2244"]
[BlackElo "2414"]
[Result "0-1"]
[Round "7"]
[TimeControl "180+1"]
[Date "2023.08.01"]
[WhiteClock "0:00:01"]
[BlackClock "0:01:44"]
[Board "151"]

1. d4 Nf6 2. c4 e6 3. Nf3 c5 4. d5 b5 5. dxe6 fxe6 6. cxb5 d5 7. e3 Bd6 8. b3 O-O 9. Bb2 Nbd7 10. Be2 Bb7 11. O-O e5 12. g3 Qe7 13. Nh4 Qe6 14. Nd2 e4 15. Ng2 Be5 16. Bxe5 Nxe5 17. Nf4 Qf5 18. h4 d4 19. Rc1 Rac8 20. Re1 Nfg4 21. Nc4 Rfd8 22. Nxe5 Nxe5 23. exd4 cxd4 24. Rxc8 Qxc8 25. Bh5 g6 26. Be2 d3 27. Bf1 Nf3+ 28. Kg2 Qg4 29. Re3 Nxh4+ 30. Kg1 Qxd1 0-1


[Site "https://www.chess.com"]

[Event "Titled Tuesday Blitz August 1 Early 2023"]
[White "Pershina, Elena"]
[Black "ChesscularGodofchess"]
[WhiteFideId "24147516"]
[WhiteElo "2411"]
[BlackElo "2240"]
[Result "0-1"]
[Round "7"]
[TimeControl "180+1"]
[Date "2023.08.01"]
[WhiteClock "0:01:17"]
[BlackClock "0:01:20"]
[Board "152"]

1. c4 e5 2. Nc3 Nc6 3. g3 a6 4. Bg2 Bc5 5. e3 Ba7 6. Nge2 d6 7. O-O h5 8. d4 h4 9. b3 hxg3 10. hxg3 Qf6 11. Re1 Nge7 12. Bb2 Qh6 13. Nd5 Qh2+ 14. Kf1 Bh3 15. Nef4 exf4 16. Nxf4 Bxg2+ 17. Nxg2 Qh1+ 18. Ke2 Qxg2 19. Rg1 Qe4 20. Qd2 Nf5 21. Rae1 Nfxd4+ 0-1


[Site "https://www.chess.com"]

[Event "Titled Tuesday Blitz August 1 Early 2023"]
[White "jimmy-schlumpf"]
[Black "Floresvillar Gonzalez, Luis Migu"]
[BlackFideId "5100542"]
[WhiteElo "2398"]
[BlackElo "2138"]
[Result "0-1"]
[Round "7"]
[TimeControl "180+1"]
[Date "2023.08.01"]
[WhiteClock "0:01:24"]
[BlackClock "0:01:23"]
[Board "153"]

1. Nf3 d5 2. g3 c6 3. Bg2 Bg4 4. O-O h5 5. d4 Nd7 6. Nbd2 e6 7. e4 dxe4 8. Nxe4 Ngf6 9. Bg5 Be7 10. Nxf6+ Bxf6 11. Bxf6 Nxf6 12. c3 h4 13. Qb3 hxg3 14. hxg3 Bxf3 15. Bxf3 Qc7 16. Kg2 O-O-O 17. a4 Rh6 18. Rh1 Rdh8 19. Rxh6 Rxh6 20. a5 a6 21. Qb4 Qd8 22. Qc5 Nd5 23. c4 Nf6 24. Rd1 Nd7 25. Qg5 Qxg5 0-1


[Site "https://www.chess.com"]

[Event "Titled Tuesday Blitz August 1 Early 2023"]
[White "Atakhan, Abtin"]
[Black "sterpfi"]
[WhiteFideId "22502203"]
[WhiteElo "2764"]
[BlackElo "2210"]
[Result "1-0"]
[Round "7"]
[TimeControl "180+1"]
[Date "2023.08.01"]
[WhiteClock "0:02:08"]
[BlackClock "0:00:33"]
[Board "154"]

1. Nf3 d5 2. g3 c5 3. Bg2 Nc6 4. d4 Nf6 5. O-O e6 6. c4 dxc4 7. dxc5 Qxd1 8. Rxd1 Bxc5 9. Nbd2 c3 10. bxc3 O-O 11. Nb3 Be7 12. a4 Bd7 13. c4 Rfc8 14. Ba3 Bxa3 15. Rxa3 Nb4 16. Ne5 Bc6 17. Nxc6 Nxc6 18. a5 Rab8 19. Nc5 Nd8 20. Rad3 g6 21. a6 bxa6 22. Nxa6 Nb7 23. Nxb8 Rxb8 24. Rb3 1-0


[Site "https://www.chess.com"]

[Event "Titled Tuesday Blitz August 1 Early 2023"]
[White "Shapiro, Daniel"]
[Black "Voege, Tobias"]
[WhiteFideId "2001780"]
[BlackFideId "1270513"]
[WhiteElo "2354"]
[BlackElo "2638"]
[Result "1/2-1/2"]
[Round "7"]
[TimeControl "180+1"]
[Date "2023.08.01"]
[WhiteClock "0:00:03"]
[BlackClock "0:00:07"]
[Board "155"]

1. d4 Nf6 2. c4 g6 3. Nc3 Bg7 4. e4 O-O 5. Be2 d6 6. Nf3 e5 7. O-O Nc6 8. d5 Ne7 9. a4 a5 10. Ne1 Nd7 11. b3 f5 12. f3 f4 13. Nd3 g5 14. Ba3 b6 15. b4 axb4 16. Bxb4 Nc5 17. Nf2 h5 18. a5 bxa5 19. Bxa5 Kh7 20. Nb5 Na6 21. c5 dxc5 22. d6 Nc6 23. Nxc7 Nxc7 24. Bxc7 Rxa1 25. Qxa1 Qd7 26. Bb5 Bb7 27. Nd3 Ra8 28. Qb2 Qf7 29. Nxc5 Ra2 30. Qb1 Bc8 31. Bxc6 Qc4 32. Qxa2 Qxa2 33. d7 Bxd7 34. Bxd7 Bf8 35. Bf5+ Kh6 36. Ne6 Qa7+ 37. Kh1 Bg7 38. h3 Bf6 39. Rd1 g4 40. hxg4 hxg4 41. Bxg4 Bh4 42. Bxe5 Bg3 43. Bxf4+ Bxf4 44. Nxf4 Qe3 45. Nh3 Qa3 46. Rd5 Kg7 47. Kh2 Kf6 48. Nf4 Qc1 49. Kg3 Qe1+ 50. Kh2 Qc1 51. Nh3 Qc7+ 52. Kh1 Qc1+ 53. Kh2 Qc7+ 54. Kg1 Qc1+ 55. Kf2 Qb2+ 56. Kg1 Qc1+ 57. Kf2 Qb2+ 58. Kg1 Qc1+ 1/2-1/2


[Site "https://www.chess.com"]

[Event "Titled Tuesday Blitz August 1 Early 2023"]
[White "Hajiyev, Kanan"]
[Black "Elissalt Cardenas, Hector"]
[WhiteFideId "13404148"]
[BlackFideId "3500632"]
[WhiteElo "2550"]
[BlackElo "2348"]
[Result "1-0"]
[Round "7"]
[TimeControl "180+1"]
[Date "2023.08.01"]
[WhiteClock "0:02:54"]
[BlackClock "0:01:41"]
[Board "156"]

1. d4 d5 2. c4 e6 3. cxd5 exd5 4. Nc3 Nf6 5. Nf3 c6 6. Qc2 Be7 7. Bf4 Nbd7 8. e3 Nf8 9. h3 Ne6 10. Bh2 O-O 11. Bd3 c5 12. O-O c4 13. Be2 a6 14. a4 b6 15. Ne5 Bb7 16. f4 Nc7 17. Bf3 Nce8 18. Nxc4 Rc8 19. Ne5 Nd6 20. Qf2 Nde4 21. Bxe4 Nxe4 22. Nxe4 dxe4 23. Rac1 Bd5 24. Rxc8 Qxc8 25. Qd2 Qd7 26. Nxd7 1-0


[Site "https://www.chess.com"]